Map: Automaton LE

Players

Odin - Winner!

  • Race: Zerg Zerg
  • League: Gold
  • Spawn Location: 9:00

keyser

  • Race: Zerg Zerg
  • League: Gold
  • Spawn Location: 3:00

VOD

Have the link to the VOD?

Description

Time

  • Played on: Dec. 13, 2018, 10:16 p.m.
  • Length: 3:17
Show
View Real Time Build Order
Export as new Build Order

Odin Zerg - Winner!

Build Orders: Hatch First 

Get SALT Encoding   

  12  0:00  Unknown x2  
  12  0:03  Unknown  
  12  0:28  Hatchery  
  12  0:32  Unknown  
  11  0:38  Drone x2  
  11  0:41  Drone  
  14  0:51  Overlord  
  14  1:07  Extractor  
  14  1:08  Drone  
  14  1:09  Drone x2  
  14  1:10  Drone  
  17  1:16  Drone  
  18  1:33  Spawning Pool  
  17  1:44  Drone  
  17  1:45  Drone x3  
  21  2:05  Lair  
  21  2:08  Hatchery  
  21  2:12  Unknown  
  20  2:19  Extractor  
  19  2:42  Drone x3  
  24  2:54  Drone x4  
  28  3:15  Unknown  
Show
View Real Time Build Order
Export as new Build Order

keyser Zerg 

Build Orders: Hatch First 

Get SALT Encoding   

  12  0:00  Unknown x2  
  12  0:03  Unknown  
  12  0:13  Drone x2  
  14  0:17  Overlord  
  14  0:38  Drone x2  
  14  0:39  Drone  
  17  0:59  Extractor  
  16  1:09  Hatchery  
  16  1:10  Drone  
  16  1:11  Drone  
  17  1:12  Overlord, Unknown  
  17  1:35  Metabolic Boost  
  17  1:41  Spawning Pool  
  16  1:49  Drone x3  
  19  2:04  Drone  
  19  2:05  Drone  
  31  2:42  Drone  
  31  2:43  Unknown  
  32  2:48  Unknown  
  32  2:49  Unknown x2  
  32  2:50  Unknown x10  
Tags
 
Add a new tag
Caveats
  • Supply blocks, unpowered buildings, or Contaminate may cause inaccurate times.
  • Supply counts are checked every 10 seconds.